 Dungeon Crawl Stone Soup version 0.19.1-1-g22dce08 (webtiles) character file.

245 Jynx the Conjurer (level 5, -6/33 HPs)
             Began as a High Elf Conjurer on Jan 13, 2017.
             Mangled by a scorpion (8 damage)
             ... on level 4 of the Dungeon.
             The game lasted 00:05:36 (3547 turns).

Jynx the Conjurer (High Elf Conjurer)               Turns: 3547, Time: 00:05:36

Health: -6/33      AC:  2    Str:  8    XL:     5   Next: 84%
Magic:  1/11       EV: 13    Int: 19    God:
Gold:   205        SH:  0    Dex: 15    Spells: 4 memorised, 1 level left

rFire  + + .     SeeInvis .     l - +2 short sword (speed)
rCold  . . .     Gourm    .     a - +0 robe
rNeg   . . .     Faith    .     (no shield)
rPois  +         Spirit   .     (no helmet)
rElec  +         Reflect  .     (no cloak)
rCorr  +         Harm     .     (no gloves)
MR     .....                    (no boots)
Stlth  ++........               (no amulet)
                                (no ring)
                                o - ring of fire

@: lethally poisoned (-6 -> -19), resistant
A: no striking features
a: no special abilities


You were on level 4 of the Dungeon.
You were not hungry.

You visited 1 branch of the dungeon, and saw 4 of its levels.

You collected 205 gold pieces.

Inventory:

Hand Weapons
 l - a +2 short sword of speed (weapon)
 q - a +0 falchion
Armour
 a - a +0 robe (worn)
Jewellery
 o - a ring of fire (left hand)
Scrolls
 e - a scroll of teleportation
 f - a scroll of recharging
 j - a scroll of immolation
 m - 2 scrolls of remove curse
Potions
 g - a potion of flight
 h - a potion of curing {unknown}
 k - 2 potions of resistance
 n - a potion of brilliance {unknown}
 p - a potion of beneficial mutation {unknown}
 r - a potion of cure mutation {unknown}
 s - a potion of heal wounds {unknown}
 u - a potion of might {unknown}
Books
 b - a book of Conjurations

   Spells                             Type                      Level
   a - Magic Dart                     Conjuration                  1
   b - Searing Ray                    Conjuration                  2
   c - Dazzling Spray                 Conjuration/Hexes            3
   d - Fulminant Prism                Conjuration/Hexes            4
   e - Iskenderun's Mystic Blast      Conjuration                  4
   f - Iskenderun's Battlesphere      Conjuration/Charms           5
Comestibles
 c - 5 bread rations
 d - 3 chunks of flesh
 i - 2 beef jerkies


   Skills:
 + Level 1.6 Fighting
 + Level 3.2 Dodging
 + Level 3.3 Stealth
 - Level 0.4 Unarmed Combat
 + Level 3.9 Spellcasting
 + Level 5.7 Conjurations


You had one spell level left.
You knew the following spells:

 Your Spells              Type           Power        Failure   Level  Hunger
a - Magic Dart            Conj           ####         1%          1    None
b - Searing Ray           Conj           ####..       1%          2    ##.....
c - Dazzling Spray        Conj/Hex       ##....       14%         3    ###....
d - Iskenderun's Mystic   Conj           ####....     14%         4    ####...


Dungeon Overview and Level Annotations

Branches:
Dungeon (4/15)
 Temple: D:4-7

Altars:


Message History

The searing ray misses the scorpion.
The scorpion stings you!
You are poisoned.
The scorpion poisons you!
The searing ray hits the scorpion.
The scorpion is almost dead.
You feel sick. The scorpion stings you.
Without enough magic to sustain it, your searing ray dissipates.
You feel sick. The scorpion stings you!
You are lethally poisoned!
The scorpion poisons you!
You feel sick. The scorpion barely misses you.
You hit the scorpion.
The scorpion is almost dead.
You feel sick. The scorpion stings you!
* * * LOW HITPOINT WARNING * * *
It was a potion of resistance.
You feel protected.
* * * LOW HITPOINT WARNING * * *
You feel sick. The scorpion stings you!
You die...

###..
#####....# #..
.........# #..
########.# #..
#.# ... #.#
#.. #.# #.#
############.#
#.@.).<......#
#s############
#. #. #. .. ##


You could see a scorpion.

Vanquished Creatures
  The ghost of Lahna the Sneak, an amateur SpEn (D:4)
  7 adders
  4 worms
  2 dart slugs
  6 leopard geckos
  9 orcs
  3 giant cockroaches (D:3)
  12 goblins
  9 hobgoblins
  12 jackals
  7 kobolds
  6 bats
  8 frilled lizards
  2 rats
88 creatures vanquished.

Notes
Turn   | Place    | Note
-------+----------+-------------------------------------------
     0 | D:1      | Jynx the High Elf Conjurer began the quest for the Orb.
     0 | D:1      | Reached XP level 1. HP: 11/11 MP: 4/4
   378 | D:1      | Reached XP level 2. HP: 14/17 MP: 4/6
   923 | D:1      | Reached skill level 5 in Conjurations
  1134 | D:2      | Reached XP level 3. HP: 21/21 MP: 1/8
  1689 | D:2      | Reached XP level 4. HP: 27/27 MP: 3/9
  1959 | D:2      | Learned a level 2 spell: Searing Ray
  1963 | D:2      | Learned a level 3 spell: Dazzling Spray
  1968 | D:2      | Learned a level 4 spell: Iskenderun's Mystic Blast
  2492 | D:3      | Reached XP level 5. HP: 28/32 MP: 6/11
  3007 | D:3      | Reached skill level 1 in Fighting
  3365 | D:4      | Noticed Lahna's ghost (amateur SpEn)
  3375 | D:4      | Killed Lahna's ghost
  3547 | D:4      | Mangled by a scorpion

Skill      XL: |  1  2  3  4  5 |
---------------+----------------+-----
Conjurations   | 5 |  5.7
Spellcasting   | 3 |  3.9
Stealth        | 3 |  3.3
Fighting       | 1 |  1.6
Dodging        | 3 |  3.2
Unarmed Combat | |  0.4

Action                   |  1- 3 |  4- 6 || total
-------------------------+-------+-------++-------
Melee: Unarmed           |    15 |       ||    15
       Short sword       |    13 |    43 ||    56
 Cast: Magic Dart        |    64 |   114 ||   178
       Searing Ray       |       |     2 ||     2
  Use: Scroll            |       |     6 ||     6
       Potion            |       |     1 ||     1
 Stab: Distracted        |       |     1 ||     1
       Sleeping          |       |     1 ||     1
  Eat: Chunk             |     2 |     6 ||     8
Armor: Robe              |     2 |     7 ||     9
Dodge: Dodged            |    22 |    30 ||    52
